Description

8gate timing attack with blink and a warp prism. Not safe against harass, but it should be good in a team game.

Replay - Ley Lines (3)

Build Order

Get SALT Encoding   

  12  0:00  Probe  
  13  0:12  Probe (Chrono Boost)  
  13  0:13  Pylon  
  13  0:20  Probe  
  15  0:30  Probe  
  16  0:36  Gateway  
  17  0:42  Probe  
  17  0:47  Assimilator  
  17  0:55  Probe  
  18  1:07  Probe  
  19  1:19  Probe  
  19  1:22  Nexus  
  20  1:31  Probe  
  20  1:32  Pylon  
  21  1:38  Assimilator  
  21  1:43  Probe  
  22  1:50  Cybernetics Core  
  24  2:15  Pylon  
  26  2:27  Warp Gate  
  27  2:30  Twilight Council  
  29  2:47  Stalker  
  34  2:59  Blink  
  34  3:03  Gateway  
  37  3:15  Assimilator  
  38  3:22  Stalker  
  44  3:47  Robotics Facility  
  45  3:49  Gateway  
  46  4:12  Pylon x2  
  46  4:16  Gateway x2  
  46  4:17  Stalker  
  46  4:21  Gateway  
  48  4:35  Stalker  
  50  4:41  Gateway  
  50  4:45  Warp Prism  
  50  4:51  Gateway  
  50  4:52  Stalker x2  
  56  5:03  Stalker  
  58  5:17  Stalker x3  
Spawning Tool Build Advisor. Get it on Overwolf

Go to:

Details

  • Created by: Greganthus
  • Published on: Oct 03, 2025
  • Modified on: Oct 03, 2025
  • Patch: 5.0.11
  • Difficulty: Medium
Show
View Real Time Build Order
Export as new Build Order

Comments (0)

There are no comments. Be the first!

Create an account to comment!